[Event "Team 45 45 League T94"]
[Site "Internet Chess Club"]
[Date "2022.10.30"]
[Round "3"]
[White "evan7284"]
[Black "manfredo"]
[Result "0-1"]
[WhiteElo "1566"]
[BlackElo "1545"]
[Opening "Queen's pawn: London system"]
[ECO "A45"]
[Time "14:31:20"]
[PlyCount "32"]
[TimeControl "2700+45"]

1. d4 Nf6 2. Bf4 g6 3. Nc3 d5 4. e3 Bg7 5. Be2 O-O 6. h4 h6 7. g4 Ne4 8. Qd3
Nxc3 9. Qxc3 c6 10. Nh3 Nd7 11. g5 h5 12. Bg3 c5 13. f4 cxd4 14. exd4 Nb6 15.
O-O-O Bf5 16. Bf2 Rc8 {White resigns} 0-1

[Event "Team 45 45 League T94"]
[Site "Internet Chess Club"]
[Date "2022.10.29"]
[Round "3"]
[White "fvafier"]
[Black "WillC"]
[Result "0-1"]
[WhiteElo "1512"]
[BlackElo "1591"]
[Opening "Réti: King's Indian attack (Barcza system)"]
[ECO "A07"]
[Time "13:00:44"]
[PlyCount "102"]
[TimeControl "2700+45"]

1. Nf3 d5 2. g3 Nf6 3. Bg2 Bf5 4. O-O e6 5. d3 Be7 6. Nbd2 h6 7. Qe1 O-O 8. e4
dxe4 9. dxe4 Bg4 10. Ne5 Bh5 11. f4 c6 12. Kh1 Nbd7 13. Ndf3 Qc7 14. Nxd7 Nxd7
15. Be3 Rad8 16. Qf2 Nf6 17. Nd2 Ng4 18. Qg1 Nxe3 19. Qxe3 b6 20. Nf3 Bc5 21.
Qc3 f6 22. Bh3 Rfe8 23. g4 Bf7 24. e5 fxe5 25. Nxe5 Bd4 26. Qxc6 Bxe5 27. Qxc7
Bxc7 28. Rf2 Rd4 29. f5 exf5 30. gxf5 Bd5+ 31. Bg2 Bxg2+ 32. Rxg2 Rde4 33. Rag1
Be5 34. c3 Bf6 35. Rg6 Kf7 36. R6g2 Re1 37. h3 Rxg1+ 38. Kxg1 Re3 39. Rd2 Ke7
40. Kg2 Re5 41. Rf2 Kd6 42. Kg3 Kc5 43. Kg4 Re4+ 44. Kf3 Kd5 45. Rd2+ Ke5 46.
Rd7 Rf4+ 47. Kg3 Bh4+ 48. Kg2 Rf2+ 49. Kg1 Rxb2 50. Rxa7 Bf6 51. a4 Kxf5 {White
resigns} 0-1

[Event "Team 45 45 League T94"]
[Site "Internet Chess Club"]
[Date "2022.10.28"]
[Round "3"]
[White "BIRDSMAN"]
[Black "Denis240964"]
[Result "0-1"]
[WhiteElo "1342"]
[BlackElo "1424"]
[Opening "Queen's pawn game"]
[ECO "D02"]
[Time "13:00:22"]
[PlyCount "70"]
[TimeControl "2700+45"]

1. d4 d5 2. Nf3 e6 3. e3 c5 4. Bd3 cxd4 5. exd4 Nc6 6. c3 Nf6 7. O-O Be7 8. Re1
O-O 9. Ne5 Qc7 10. f4 Nxe5 11. fxe5 Nd7 12. Qh5 g6 13. Qh3 Re8 14. Nd2 Bf8 15.
Nf3 Bg7 16. Nd2 Nf8 17. Rf1 Qe7 18. Nf3 f5 19. Bg5 Qf7 20. Bh6 Re7 21. Bg5 Re8
22. Bf4 a6 23. a4 b6 24. Bh6 Bxh6 25. Qxh6 Qg7 26. Qh4 h6 27. h3 g5 28. Qg3 Ng6
29. Rae1 Bd7 30. Bc2 b5 31. axb5 Bxb5 32. Rf2 Nf4 33. Rd2 Rab8 34. h4 Nh5 35.
Qf2 g4 {White resigns} 0-1

[Event "Team 45 45 League T94"]
[Site "Internet Chess Club"]
[Date "2022.10.28"]
[Round "3"]
[White "ChessG2011"]
[Black "blind-warrior"]
[Result "1-0"]
[WhiteElo "1341"]
[BlackElo "1120"]
[Opening "Sicilian"]
[ECO "B56"]
[Time "20:01:08"]
[PlyCount "97"]
[TimeControl "2700+45"]

1. e4 c5 2. Nf3 d6 3. d4 cxd4 4. Nxd4 Nf6 5. Nc3 Bd7 6. Be2 Nc6 7. Be3 a6 8. O-O
Rc8 9. Qd2 Nxd4 10. Bxd4 g6 11. Rad1 Bg7 12. f3 O-O 13. Be3 Qa5 14. a3 Ne8 15.
Bd4 Bxd4+ 16. Qxd4 Qc5 17. Qxc5 Rxc5 18. Nd5 e6 19. Nc3 Bc6 20. Rd2 Bb5 21. Nxb5
axb5 22. Rc1 d5 23. b4 Rc3 24. exd5 exd5 25. Rxd5 Nc7 26. Rd3 Rxd3 27. Bxd3 Ra8
28. Ra1 Ra6 29. c4 bxc4 30. Bxc4 Rb6 31. Kf2 Nb5 32. Bxb5 Rxb5 33. Rb1 Rb6 34.
a4 Ra6 35. a5 b5 36. Ke3 Kf8 37. Kd4 Rc6 38. a6 Rxa6 39. Kc5 Ra2 40. Rg1 Ke7 41.
Kxb5 Kd6 42. Kb6 Rb2 43. b5 Kd7 44. Rd1+ Kc8 45. Rc1+ Kb8 46. Re1 Rc2 47. Re8+
Rc8 48. Rxc8+ Kxc8 49. Ka7 {Black resigns} 1-0

[Event "Team 45 45 League T94"]
[Site "Internet Chess Club"]
[Date "2022.10.28"]
[Round "3"]
[White "primerpaso"]
[Black "Packerfan"]
[Result "1-0"]
[WhiteElo "1788"]
[BlackElo "1692"]
[Opening "English: Bremen, Smyslov system"]
[ECO "A22"]
[Time "15:00:45"]
[PlyCount "89"]
[TimeControl "2700+45"]

1. c4 e5 2. Nc3 Nf6 3. g3 Bb4 4. Bg2 Bxc3 5. bxc3 O-O 6. Nf3 Re8 7. O-O c6 8.
Ba3 d5 9. cxd5 cxd5 10. d3 Nc6 11. Qd2 b6 12. c4 Bb7 13. cxd5 Nxd5 14. Rac1 Qd7
15. Rc2 Rac8 16. Rfc1 f6 17. h4 Nce7 18. e4 Nc7 19. Kh2 Ne6 20. Bh3 Rxc2 21.
Qxc2 Kf7 22. Qc7 Qxc7 23. Bxe6+ Kxe6 24. Rxc7 Ba6 25. d4 exd4 26. Nxd4+ Ke5 27.
Rxe7+ Rxe7 28. Nc6+ Kxe4 29. Bxe7 Bc4 30. Nxa7 Bxa2 31. Bd8 Be6 32. Bxb6 Bd7 33.
Kg2 h5 34. f3+ Kf5 35. Kf2 g5 36. Ke3 gxh4 37. gxh4 Ke5 38. Bd4+ Kf5 39. Bc3 Ke6
40. Kf4 Ke7 41. Ke3 Ke6 42. Ke4 Ke7 43. f4 Ke6 44. Bb2 Ke7 45. Kd5 {Black
resigns} 1-0

[Event "Team 45 45 League T94"]
[Site "Internet Chess Club"]
[Date "2022.10.31"]
[Round "3"]
[White "ivanson"]
[Black "LookImYourVader"]
[Result "1-0"]
[WhiteElo "1616"]
[BlackElo "1795"]
[Opening "Scandinavian defense"]
[ECO "B01"]
[Time "14:00:18"]
[PlyCount "133"]
[TimeControl "2700+45"]

1. e4 d5 2. exd5 Nf6 3. Bb5+ Nbd7 4. c4 a6 5. Ba4 b5 6. cxb5 Nxd5 7. Nc3 Bb7 8.
Nf3 e6 9. O-O Bd6 10. bxa6 Nxc3 11. dxc3 Bxa6 12. Re1 O-O 13. Bf4 Nc5 14. Bxd6
cxd6 15. Bc2 Bb7 16. Re3 Qe7 17. Nd4 g6 18. Qd2 Bd5 19. Rh3 f5 20. b4 Nd7 21.
Bb3 Bxb3 22. Nxb3 Nf6 23. Rd3 Ne4 24. Qc2 Rfc8 25. Nd2 Nf6 26. c4 Nd5 27. Qb3
Nf4 28. Re3 Qf6 29. Rc1 Qg5 30. g3 Nh3+ 31. Kg2 f4 32. Rxe6 fxg3 33. c5 Nf4+ 34.
Kh1 g2+ 35. Kg1 Nxe6 36. Qxe6+ Kh8 37. Rd1 dxc5 38. Nf3 Qf5 39. Qxf5 gxf5 40.
bxc5 Rxc5 41. Rd2 Rc1+ 42. Kxg2 Rg8+ 43. Kh3 Ra1 44. Nh4 f4 45. f3 Ra8 46. Ng2
Rf1 47. Nh4 Ra1 48. Ng2 R1xa2 49. Rxa2 Rxa2 50. Nxf4 Kg7 51. Kg3 Ra5 52. Kh3 Kf6
53. Kg3 Kf5 54. Ng2 Ra1 55. Kh3 Ra8 56. Kg3 Rg8+ 57. Kf2 h5 58. h4 Ra8 59. Kg3
Ra2 60. Nf4 Ra8 61. Ng2 Ke5 62. Kf2 Ra2+ 63. Kg3 Ra4 64. Kf2 Ra2+ 65. Kg3 Ra8
66. Kf2 Ra2+ 67. Kg3 {Black forfeits on time} 1-0

[Event "Team 45 45 League T94"]
[Site "Internet Chess Club"]
[Date "2022.10.31"]
[Round "3"]
[White "mongmong"]
[Black "RD1974"]
[Result "0-1"]
[WhiteElo "1490"]
[BlackElo "1636"]
[Opening "Queen's pawn"]
[ECO "A40"]
[Time "18:04:35"]
[PlyCount "58"]
[TimeControl "2700+45"]

1. d4 e6 2. Nf3 f5 3. g3 Nf6 4. Bg2 d5 5. O-O Bd6 6. c4 c6 7. b3 O-O 8. Ba3 Ne4
9. Qc1 Qe7 10. Bxd6 Qxd6 11. Nc3 Nd7 12. Nd2 Ndf6 13. Ndxe4 fxe4 14. e3 Bd7 15.
Ne2 Be8 16. Nf4 Nh5 17. Nxh5 Bxh5 18. cxd5 exd5 19. Qd2 Bf3 20. b4 Rf6 21. a4
Raf8 22. b5 Rh6 23. bxc6 bxc6 24. Rab1 Qd7 25. h4 g5 26. Bxf3 exf3 27. e4 Qh3
28. Qxg5+ Rg6 29. Qe5 Qg2# {White checkmated} 0-1

[Event "Team 45 45 League T94"]
[Site "Internet Chess Club"]
[Date "2022.10.30"]
[Round "3"]
[White "Davidorcinus"]
[Black "fileman"]
[Result "0-1"]
[WhiteElo "1792"]
[BlackElo "1802"]
[Opening "St. George defense"]
[ECO "C01"]
[Time "15:02:05"]
[PlyCount "58"]
[TimeControl "2700+45"]

1. e4 e6 2. d4 a6 3. c4 d5 4. cxd5 exd5 5. e5 f6 6. Nf3 Bg4 7. h3 Bxf3 8. Qxf3
fxe5 9. Qh5+ g6 10. Qxe5+ Qe7 11. Bf4 c6 12. Be2 Bg7 13. Qxe7+ Nxe7 14. Be5 Bxe5
15. dxe5 Nd7 16. f4 O-O 17. Bg4 Nc5 18. O-O Nd3 19. g3 Nxb2 20. Nc3 Nc4 21. Ne2
c5 22. Nc3 Kg7 23. Be6 Rad8 24. Na4 Nd2 25. Rfd1 Ne4 26. Kg2 b5 27. Nb6 d4 28.
Kf3 Ng5+ 29. Kg2 Nxe6 {White resigns} 0-1

[Event "Team 45 45 League T94"]
[Site "Internet Chess Club"]
[Date "2022.10.28"]
[Round "3"]
[White "qs16"]
[Black "Egmont"]
[Result "1-0"]
[WhiteElo "1715"]
[BlackElo "1653"]
[Opening "Queen's pawn game"]
[ECO "D00"]
[Time "11:30:32"]
[PlyCount "75"]
[TimeControl "2700+45"]

1. d4 d5 2. e3 Bf5 3. Bd3 Qd7 4. f4 Nf6 5. Nf3 e6 6. Ne5 Qd8 7. Nd2 Nbd7 8. Ndf3
c5 9. Bxf5 exf5 10. O-O c4 11. Bd2 Rc8 12. Qe1 Qb6 13. Bc3 Ne4 14. Nxd7 Kxd7 15.
Ne5+ Ke8 16. Rb1 f6 17. Nf3 Qa6 18. Nd2 Bd6 19. Nxe4 fxe4 20. Qh4 Qc6 21. Qg4
Kf7 22. b3 b5 23. bxc4 bxc4 24. Bb4 Rhd8 25. c3 Rb8 26. Bxd6 Qxd6 27. h3 g6 28.
h4 h5 29. Qe2 f5 30. Qc2 Rxb1 31. Rxb1 Rb8 32. Rxb8 Qxb8 33. Qa4 Qb7 34. Kf2 Kg7
35. Qb4 Qd7 36. a4 a6 37. a5 Qb5 38. Qxb5 {Black resigns} 1-0

[Event "Team 45 45 League T94"]
[Site "Internet Chess Club"]
[Date "2022.10.31"]
[Round "3"]
[White "LoseOften"]
[Black "fireball"]
[Result "0-1"]
[WhiteElo "1644"]
[BlackElo "1587"]
[Opening "French: advance, Paulsen attack"]
[ECO "C02"]
[Time "10:00:16"]
[PlyCount "90"]
[TimeControl "2700+45"]

1. e4 e6 2. d4 d5 3. e5 c5 4. c3 Nc6 5. Nf3 Qb6 6. Be2 Nge7 7. O-O Ng6 8. a3 c4
9. Nbd2 Na5 10. Rb1 Bd7 11. b3 Nxb3 12. Nxc4 dxc4 13. Bxc4 Qc7 14. Qxb3 Bc6 15.
Nd2 Nf4 16. f3 Nd5 17. Ne4 b6 18. Bd2 Be7 19. Bd3 Qd7 20. c4 Nc7 21. Be3 O-O 22.
f4 Rab8 23. Bc2 Bb7 24. Qd3 g6 25. Rf3 Ba6 26. a4 Rfd8 27. g4 Nd5 28. Bd2 Rbc8
29. Bb3 Kg7 30. Rbf1 Nb4 31. Bxb4 Bxb4 32. Rd1 Qc7 33. Nd2 Bc5 34. Ne4 Bxd4+ 35.
Kh1 Bxe5 36. Qf1 Rxd1 37. Bxd1 Bxc4 38. Qh3 Bxf4 39. g5 Be5 40. Qh6+ Kh8 41. Rh3
Kg8 42. Nf6+ Bxf6 43. gxf6 Bd5+ 44. Bf3 Qc1+ 45. Kg2 Qxh6 {White resigns} 0-1

[Event "Team 45 45 League T94"]
[Site "Internet Chess Club"]
[Date "2022.10.29"]
[Round "3"]
[White "oldsj"]
[Black "mongmong"]
[Result "1/2-1/2"]
[WhiteElo "1461"]
[BlackElo "1500"]
[Opening "French: exchange variation"]
[ECO "C01"]
[Time "10:01:38"]
[PlyCount "39"]
[TimeControl "2700+45"]

1. e4 e6 2. d4 d5 3. exd5 exd5 4. c4 Nf6 5. Nc3 Bb4 6. Nf3 O-O 7. Be2 dxc4 8.
Bxc4 Re8+ 9. Be3 Be6 10. Bxe6 Rxe6 11. O-O Nbd7 12. Ng5 Re7 13. Qb3 a5 14. a3
Bxc3 15. bxc3 b6 16. Rfe1 h6 17. Nf3 Ng4 18. Bd2 Nf8 19. h3 Nf6 20. Ne5 {Game
drawn by mutual agreement} 1/2-1/2

[Event "Team 45 45 League T94"]
[Site "Internet Chess Club"]
[Date "2022.10.30"]
[Round "3"]
[White "Kingofknights"]
[Black "Andressa"]
[Result "1-0"]
[WhiteElo "1519"]
[BlackElo "1342"]
[Opening "QGD: Neo-orthodox variation, 7.Bh4"]
[ECO "D56"]
[Time "19:17:19"]
[PlyCount "53"]
[TimeControl "2700+45"]

1. d4 d5 2. c4 e6 3. Nc3 Nf6 4. Bg5 Be7 5. Nf3 O-O 6. e3 h6 7. Bh4 Nbd7 8. Bd3
c5 9. cxd5 Nxd5 10. Bxe7 Qxe7 11. Nxd5 exd5 12. Qc2 c4 13. Be2 Nf6 14. h3 Re8
15. O-O Rb8 16. Ne5 Nd7 17. Nxd7 Bxd7 18. Bf3 Be6 19. Rfe1 Rbc8 20. e4 dxe4 21.
Bxe4 b5 22. d5 f5 23. Bf3 Qf6 24. dxe6 Rxe6 25. Bd5 Re8 26. Rxe6 Rxe6 27. Re1
{Black resigns} 1-0

[Event "Team 45 45 League T94"]
[Site "Internet Chess Club"]
[Date "2022.10.27"]
[Round "3"]
[White "Gilguli"]
[Black "Toalla"]
[Result "1-0"]
[WhiteElo "1422"]
[BlackElo "1107"]
[Opening "Sicilian: closed"]
[ECO "B23"]
[Time "15:04:04"]
[PlyCount "85"]
[TimeControl "2700+45"]

1. e4 c5 2. Nc3 e6 3. g3 Nc6 4. Bg2 d5 5. e5 Be7 6. f4 a6 7. Nf3 b5 8. O-O Qb6
9. h4 Bb7 10. Ne2 c4+ 11. Kh2 O-O-O 12. d4 Nh6 13. Kh3 f6 14. g4 fxe5 15. fxe5
Rdf8 16. c3 Qd8 17. Qe1 Nf7 18. b3 g5 19. h5 Nh6 20. bxc4 dxc4 21. a3 Qe8 22.
Nxg5 Bxg5 23. Bxg5 Nf7 24. Bf6 Rhg8 25. a4 Ng5+ 26. Kh4 h6 27. axb5 axb5 28. Nf4
Rxf6 29. exf6 Qf7 30. Ng6 Rxg6 31. hxg6 Qxg6 32. f7 Nxf7 33. Rxf7 Qxf7 34. Qh1
Qf2+ 35. Kh5 Qf7+ 36. Kxh6 Qf8+ 37. Kg5 Qg7+ 38. Kf4 e5+ 39. Kg3 exd4 40. cxd4
Nxd4 41. Bxb7+ Qxb7 42. Qh8+ Kc7 43. Qxd4 {Black resigns} 1-0

[Event "Team 45 45 League T94"]
[Site "Internet Chess Club"]
[Date "2022.10.31"]
[Round "3"]
[White "ARMAND02019"]
[Black "clarinetref"]
[Result "0-1"]
[WhiteElo "1569"]
[BlackElo "1516"]
[Opening "French defense, Steiner variation"]
[ECO "C00"]
[Time "21:00:20"]
[PlyCount "37"]
[TimeControl "2700+45"]

1. e4 e6 2. c4 d5 3. cxd5 exd5 4. e5 d4 5. d3 Bb4+ 6. Bd2 Nc6 7. f4 Nh6 8. Nf3
O-O 9. Be2 Qe7 10. O-O f6 11. Bxb4 Qxb4 12. b3 Nf5 13. a3 Qe7 14. exf6 Qxf6 15.
Qc1 Ne3 16. Rf2 Qxf4 17. Nbd2 Ng4 18. Rf1 Qe3+ 19. Kh1 {White resigns} 0-1

[Event "Team 45 45 League T94"]
[Site "Internet Chess Club"]
[Date "2022.10.30"]
[Round "3"]
[White "herrahuu"]
[Black "sdcohle"]
[Result "1-0"]
[WhiteElo "1487"]
[BlackElo "1315"]
[Opening "French: exchange variation"]
[ECO "C01"]
[Time "13:00:59"]
[PlyCount "84"]
[TimeControl "2700+45"]

1. e4 e6 2. d4 d5 3. exd5 exd5 4. c4 Nf6 5. Nf3 dxc4 6. Bxc4 Bd6 7. O-O O-O 8.
Nc3 a6 9. Be3 Re8 10. Qb3 Be6 11. Bxe6 Rxe6 12. Qxb7 Nbd7 13. b3 Nb6 14. Ng5 Re7
15. Qc6 h6 16. Nge4 Nxe4 17. Nxe4 Nd5 18. Nxd6 Nxe3 19. Nxf7 Rxf7 20. fxe3 Rd7
21. Rad1 Rd6 22. Qc4+ Kh8 23. e4 c6 24. d5 cxd5 25. exd5 Rc8 26. Qd4 Qa5 27. Rf7
Qc5 28. Rf8+ Kh7 29. Rxc8 Qxc8 30. Qc4 Qe8 31. b4 Qe3+ 32. Kh1 Rf6 33. h3 Qe5
34. Qd3+ Kh8 35. d6 Qb2 36. d7 Qxb4 37. d8=Q+ Rf8 38. Qf5 Qe1+ 39. Rxe1 Rxd8 40.
Qg6 a5 41. Re8+ Rxe8 42. Qxe8+ Kh7 {Black resigns} 1-0

[Event "Team 45 45 League T94"]
[Site "Internet Chess Club"]
[Date "2022.10.29"]
[Round "3"]
[White "Tjet"]
[Black "SeniorCitizen"]
[Result "1/2-1/2"]
[WhiteElo "1217"]
[BlackElo "1258"]
[Opening "Réti opening"]
[ECO "A04"]
[Time "12:01:15"]
[PlyCount "45"]
[TimeControl "2700+45"]

1. Nf3 Nc6 2. d4 d6 3. c3 e6 4. g3 d5 5. Bg2 Nf6 6. O-O Be7 7. Bg5 O-O 8. Re1
Ne4 9. Bxe7 Nxe7 10. Ne5 Nf6 11. Nd2 b6 12. e4 Rb8 13. exd5 Nfxd5 14. Qa4 a5 15.
Rab1 Bb7 16. Qc2 Nf6 17. Bxb7 Rxb7 18. a3 Qd6 19. Ne4 Nxe4 20. Qxe4 Ra7 21. Nc4
Qc6 22. Qxc6 Nxc6 23. Ne5 {Game drawn by mutual agreement} 1/2-1/2

[Event "Team 45 45 League T94"]
[Site "Internet Chess Club"]
[Date "2022.10.28"]
[Round "3"]
[White "woofgang"]
[Black "WzeroMN"]
[Result "1-0"]
[WhiteElo "1180"]
[BlackElo "963"]
[Opening "KP: Indian opening"]
[ECO "C20"]
[Time "14:00:47"]
[PlyCount "55"]
[TimeControl "2700+45"]

1. e4 e5 2. d3 Nc6 3. Nd2 Nf6 4. c3 Bc5 5. h3 O-O 6. Qc2 d5 7. Ngf3 d4 8. Be2 b5
9. g4 h6 10. Nf1 b4 11. Ng3 a5 12. Bd2 bxc3 13. bxc3 dxc3 14. Bxc3 Bb4 15. Kf1
Bxc3 16. Qxc3 Nd4 17. Nxe5 Nxe2 18. Kxe2 Be6 19. f4 Ra6 20. a3 Nd7 21. Rab1 Nxe5
22. Qxe5 Rd6 23. Rbd1 Rxd3 24. Rxd3 Bc4 25. Rd1 Bxd3+ 26. Rxd3 Qb8 27. Nf5 Re8
28. Qxg7# {Black checkmated} 1-0

[Event "Team 45 45 League T94"]
[Site "Internet Chess Club"]
[Date "2022.10.30"]
[Round "3"]
[White "julesraider"]
[Black "tightfist"]
[Result "0-1"]
[WhiteElo "1572"]
[BlackElo "1450"]
[Opening "Catalan opening"]
[ECO "E00"]
[Time "21:00:36"]
[PlyCount "37"]
[TimeControl "2700+45"]

1. d4 Nf6 2. c4 e6 3. g3 c5 4. d5 exd5 5. cxd5 d6 6. Bg2 Be7 7. Nc3 O-O 8. Nf3
Nbd7 9. O-O Nb6 10. a4 Nc4 11. Qc2 Ne5 12. Nd2 b6 13. Re1 Ba6 14. Nb5 Bb7 15.
Nc3 Rc8 16. b3 a6 17. Bb2 Rc7 18. Nc4 Nxc4 19. b4 {White resigns} 0-1

[Event "Team 45 45 League T94"]
[Site "Internet Chess Club"]
[Date "2022.10.27"]
[Round "3"]
[White "olivermx"]
[Black "xingon"]
[Result "0-1"]
[WhiteElo "1323"]
[BlackElo "1290"]
[Opening "Sicilian: closed, 2...Nc6"]
[ECO "B23"]
[Time "22:32:33"]
[PlyCount "98"]
[TimeControl "2700+45"]

1. e4 c5 2. Nc3 Nc6 3. d3 g6 4. f4 Bg7 5. Nf3 Nf6 6. g3 O-O 7. Bg2 d6 8. h3 b6
9. O-O Bb7 10. Ne2 Qd7 11. Qe1 Rfe8 12. g4 e6 13. Qh4 Rad8 14. Re1 h6 15. g5 Nh5
16. Ng3 Nxg3 17. Qxg3 h5 18. h4 Nd4 19. Nxd4 Bxd4+ 20. Kh1 Qb5 21. c3 Bg7 22.
Rb1 Bxc3 23. Rf1 Ba6 24. Rd1 Bd4 25. b3 d5 26. Bb2 Bxb2 27. Rxb2 c4 28. dxc4
dxc4 29. Rbd2 Rxd2 30. Rxd2 cxb3 31. Qxb3 Qc5 32. Rd7 Qc1+ 33. Kh2 Qxf4+ 34. Kg1
Rc8 35. Qf3 Rc1+ 36. Rd1 Qxf3 37. Bxf3 Rxd1+ 38. Bxd1 Kf8 39. Kf2 Ke7 40. e5 Kd7
41. Ke3 Kc6 42. Kd4 Kb5 43. Be2+ Ka5 44. Bxa6 Kxa6 45. Kc4 Ka5 46. Kb3 Kb5 47.
a4+ Kc5 48. Kc3 Kd5 49. Kb4 a6 {White resigns} 0-1

[Event "Team 45 45 League T94"]
[Site "Internet Chess Club"]
[Date "2022.10.27"]
[Round "3"]
[White "Balderdash"]
[Black "axelcaffe2010"]
[Result "1/2-1/2"]
[WhiteElo "1223"]
[BlackElo "1191"]
[Opening "Giuoco Piano"]
[ECO "C50"]
[Time "16:03:29"]
[PlyCount "168"]
[TimeControl "2700+45"]

1. e4 e5 2. Nf3 Nc6 3. Bc4 Bc5 4. Nc3 d6 5. a3 a6 6. b4 Ba7 7. d3 Nf6 8. Bg5 h6
9. Bh4 Be6 10. Nd5 Bxd5 11. exd5 Nd4 12. Nxd4 Bxd4 13. Rb1 O-O 14. a4 c6 15. O-O
cxd5 16. Bxf6 Qxf6 17. Bxd5 Rab8 18. Qd2 Kh8 19. c3 Ba7 20. b5 Bc5 21. c4 Qg6
22. Be4 f5 23. Bd5 e4 24. d4 Bb6 25. a5 Bd8 26. bxa6 Bg5 27. Qc3 bxa6 28. Rb6
Rxb6 29. axb6 Bd8 30. Qb4 Qf6 31. c5 dxc5 32. Qxc5 Bxb6 33. Qc6 Qxc6 34. Bxc6
Bxd4 35. Rd1 Rd8 36. Kf1 Rd6 37. Be8 f4 38. Bh5 e3 39. Rb1 exf2 40. Be2 a5 41.
Bd3 g5 42. Rb8+ Kg7 43. Rb7+ Kf6 44. Rb5 Bb6 45. Bc2 g4 46. Rf5+ Ke7 47. Rxf4 h5
48. Re4+ Kd7 49. Ba4+ Kc7 50. Re7+ Kb8 51. Re8+ Kc7 52. Re7+ Kc8 53. Re8+ Rd8
54. g3 Rxe8 55. Bxe8 Kd8 56. Bxh5 a4 57. Bxg4 a3 58. Be6 Ke7 59. Ba2 Kd6 60. h4
Kc5 61. Kxf2 Kb4+ 62. Ke2 Kc3 63. h5 Kb2 64. Be6 Bd4 65. Kd3 Be5 66. g4 Bg7 67.
Ke4 Bh6 68. Kf5 Bc1 69. Kg6 Kc3 70. h6 Bxh6 71. Kxh6 Kd4 72. g5 Ke5 73. Ba2 Kf5
74. g6 Kf6 75. g7 Ke7 76. g8=Q Kf6 77. Qg6+ Ke5 78. Kg5 Kd4 79. Qd6+ Kc3 80.
Qxa3+ Kc2 81. Bb3+ Kd2 82. Kf4 Kd3 83. Bd5+ Kc2 84. Qd3+ Kxd3 {Game drawn
because neither player has mating material} 1/2-1/2

[Event "Team 45 45 League T94"]
[Site "Internet Chess Club"]
[Date "2022.10.28"]
[Round "3"]
[White "GINGERsar"]
[Black "pandaknight"]
[Result "1-0"]
[WhiteElo "1178"]
[BlackElo "1057"]
[Opening "Caro-Kann: classical variation"]
[ECO "B18"]
[Time "13:00:26"]
[PlyCount "61"]
[TimeControl "2700+45"]

1. e4 c6 2. d4 d5 3. Nc3 dxe4 4. Nxe4 Bf5 5. Nc3 e6 6. Nf3 Nd7 7. Bf4 Ngf6 8.
Bd3 Bxd3 9. Qxd3 Be7 10. O-O O-O 11. Ng5 h6 12. Nge4 Nxe4 13. Nxe4 Nf6 14. Nxf6+
Bxf6 15. c3 Qb6 16. Qg3 Kh8 17. b3 c5 18. Bd6 Rfd8 19. Bc7 Qc6 20. Bxd8 Rxd8 21.
dxc5 Qxc5 22. Rac1 Rc8 23. c4 Rd8 24. Rfd1 Qc8 25. Rd3 Rd4 26. Rxd4 Bxd4 27. Rd1
Qc5 28. Qb8+ Kh7 29. Qf4 e5 30. Qxf7 e4 31. Qf4 {Black resigns} 1-0

[Event "Team 45 45 League T94"]
[Site "Internet Chess Club"]
[Date "2022.10.31"]
[Round "3"]
[White "fhunfi"]
[Black "Portola"]
[Result "0-1"]
[WhiteElo "1654"]
[BlackElo "1680"]
[Opening "French: Rubinstein variation"]
[ECO "C10"]
[Time "18:01:46"]
[PlyCount "40"]
[TimeControl "2700+45"]

1. e4 e6 2. d4 d5 3. Nc3 dxe4 4. Nxe4 Be7 5. g3 Bd7 6. Bg2 Bc6 7. Ne2 f5 8. d5
Bxd5 9. c4 Bxe4 10. Bxe4 Qxd1+ 11. Kxd1 fxe4 12. Kc2 Nc6 13. a3 Rd8 14. Be3 Nf6
15. h3 O-O 16. Nf4 Kf7 17. Rad1 Rxd1 18. Rxd1 Rd8 19. Rxd8 Bxd8 20. b4 a6 {White
resigns} 0-1

[Event "Team 45 45 League T94"]
[Site "Internet Chess Club"]
[Date "2022.10.30"]
[Round "3"]
[White "vollmerj"]
[Black "g8wrb"]
[Result "1-0"]
[WhiteElo "1475"]
[BlackElo "1292"]
[Opening "Réti: King's Indian attack, Yugoslav variation"]
[ECO "A07"]
[Time "07:00:35"]
[PlyCount "107"]
[TimeControl "2700+45"]

1. Nf3 d5 2. g3 Nf6 3. Bg2 Bg4 4. O-O c6 5. d3 Nbd7 6. Nc3 e5 7. e4 d4 8. Ne2
Bd6 9. c3 c5 10. cxd4 cxd4 11. Bg5 h6 12. Bd2 h5 13. Nh4 Qb6 14. b3 Bb4 15. Bxb4
Qxb4 16. Qe1 Qb5 17. Qd2 Nc5 18. Nf5 Bxf5 19. exf5 Rb8 20. f4 Qxd3 21. Qxd3 Nxd3
22. fxe5 Nxe5 23. Nxd4 O-O 24. Nb5 a6 25. Nd6 b5 26. Ne4 Nfg4 27. Nc5 Ne3 28.
Rfe1 Nxg2 29. Rxe5 Rfe8 30. Rxe8+ Rxe8 31. Kxg2 Re5 32. Nxa6 Rxf5 33. Nb4 Rc5
34. Rd1 f6 35. Rd5 Rc8 36. Rxh5 Rb8 37. Nc6 Re8 38. Kf2 Kf7 39. Rxb5 Rc8 40. Nd4
Rd8 41. Ke3 Re8+ 42. Kd3 Re1 43. a4 Ra1 44. h4 Rg1 45. Ne2 Rd1+ 46. Ke3 Re1 47.
a5 g5 48. hxg5 fxg5 49. Rxg5 Kf6 50. Rb5 Ra1 51. b4 Ke6 52. g4 Kd6 53. g5 Kc6
54. Nd4+ {Black resigns} 1-0

[Event "Team 45 45 League T94"]
[Site "Internet Chess Club"]
[Date "2022.10.30"]
[Round "3"]
[White "SeniorCitizen"]
[Black "smsxman"]
[Result "1-0"]
[WhiteElo "1278"]
[BlackElo "1318"]
[Opening "King's pawn game"]
[ECO "C21"]
[Time "12:00:27"]
[PlyCount "63"]
[TimeControl "2700+45"]

1. e4 e5 2. d4 Qe7 3. d5 Qb4+ 4. Nc3 Nf6 5. a3 Qd4 6. Qe2 Qb6 7. Qb5 Qxb5 8.
Nxb5 Nxe4 9. Nxc7+ Kd8 10. Nxa8 b6 11. Be3 Bc5 12. Nxb6 axb6 13. Bxc5 bxc5 14.
Nf3 d6 15. Nd2 Nf6 16. c4 Ke7 17. Bd3 Ba6 18. Be2 h5 19. b4 Nbd7 20. b5 Bb7 21.
O-O Nb6 22. a4 Bc8 23. a5 Nbd7 24. Rfb1 Nb8 25. a6 Bf5 26. Rb2 Nbd7 27. b6 Ra8
28. b7 Ra7 29. b8=Q Nxb8 30. Rxb8 Ne8 31. Rb7+ Rxb7 32. axb7 {Black resigns} 1-0

[Event "Team 45 45 League T94"]
[Site "Internet Chess Club"]
[Date "2022.10.29"]
[Round "3"]
[White "kabindra"]
[Black "burlap"]
[Result "0-1"]
[WhiteElo "1535"]
[BlackElo "1460"]
[Opening "French: advance, Milner-Barry gambit"]
[ECO "C02"]
[Time "16:00:38"]
[PlyCount "105"]
[TimeControl "2700+45"]

1. e4 e6 2. d4 d5 3. e5 c5 4. c3 Nc6 5. Nf3 Qb6 6. Bd3 Bd7 7. O-O cxd4 8. cxd4
Nxd4 9. Nbd2 Nxf3+ 10. Nxf3 Ne7 11. Be3 Qd8 12. Bc5 Nc6 13. Bxf8 Kxf8 14. Qd2
Qa5 15. Qg5 h6 16. Qg3 Nb4 17. Bb1 Rg8 18. a3 Nc6 19. b4 Qc7 20. Bh7 Rh8 21. Bd3
Ke7 22. Rac1 a6 23. Qxg7 Rag8 24. Qf6+ Ke8 25. Rfe1 Qd8 26. Qf4 Rg7 27. Rc5 b6
28. Rc2 b5 29. Rec1 Qb6 30. Rc5 Rhg8 31. Bf1 h5 32. Qe3 Qb7 33. Qc3 Ne7 34. Nd4
Qb8 35. Rc7 Qb6 36. Qc5 Qxc5 37. R1xc5 Ng6 38. Ra7 Nxe5 39. Rcc7 Rg4 40. f4 Rxf4
41. Ra8+ Ke7 42. Rxg8 Rxd4 43. Rg5 Nc4 44. Bxc4 bxc4 45. Rxh5 Rd1+ 46. Kf2 Rd2+
47. Kf1 Rd1+ 48. Ke2 Ra1 49. Rh3 Ra2+ 50. Kf1 d4 51. Ra7 c3 52. Rc7 c2 53. Rg3
{White resigns} 0-1